 Dungeon Crawl Stone Soup version 0.18.1-5-g4a78601 (webtiles) character file.

117 Chemotherapy the Chiller (level 5, -13/24 HPs)
             Began as a Vine Stalker Ice Elementalist on May 13, 2016.
             Mangled by an orc wizard
             ... wielding a +2 dagger of electrocution
              (17 damage)
             ... on level 3 of the Dungeon.
             The game lasted 00:07:08 (2295 turns).

Chemotherapy the Chiller (VSIE)                     Turns: 2295, Time: 00:07:09

Health: -13/24     AC:  4    Str: 11    XL:     5   Next: 1%
Magic:  0/10       EV: 12    Int: 16    God:
Gold:   133        SH:  0    Dex: 14    Spells: 3 memorised, 2 levels left

rFire  . . .     SeeInvis .     p - -2 hand axe (curse)
rCold  + . .     Gourm    .     a - +0 robe
rNeg   . . .     Faith    .     (no shield)
rPois  .         Spirit   +     k - +0 helmet
rElec  .         Dismiss  .     (no cloak)
rCorr  .         Reflect  .     t - +0 pair of gloves
SustAt .         Harm     .     (no boots)
MR     .....                    (no amulet)
Stlth  ++........               (no ring)
                                s - ring of protection from cold {rC+, !d}

@: very slightly contaminated, not resistant to hostile enchantments, unstealthy
A: fangs 2, regeneration 1, magic shield, antimagic bite, no device heal 3, rot
immunity
a: no special abilities


You were on level 3 of the Dungeon.
You were not hungry.

You visited 1 branch of the dungeon, and saw 3 of its levels.

You collected 133 gold pieces.

Inventory:

Hand Weapons
 e - a +0 dagger
   (You found it on level 1 of the Dungeon)
 f - a cursed -1 short sword
   (You found it on level 2 of the Dungeon)
 p - a cursed -2 hand axe (weapon)
   (You found it on level 1 of the Dungeon)
Armour
 a - a +0 robe (worn)
 k - a +0 helmet (worn)
   (You found it on level 1 of the Dungeon)
 t - a +0 pair of gloves (worn)
   (You found it on level 3 of the Dungeon)
Jewellery
 s - a ring of protection from cold (left hand) {rC+, !d}
   (You found it on level 2 of the Dungeon)
Scrolls
 h - a scroll of amnesia
 w - a scroll of fear
Potions
 d - a potion of cure mutation {!q}
 l - 3 potions of brilliance
 m - a potion of curing {unknown}
 n - a potion of might {unknown}
 o - a potion of resistance {unknown}
 q - a potion of cancellation {unknown}
 r - 3 potions of heal wounds {unknown}
 v - a potion of agility {unknown}
Books
 b - a book of Frost
Comestibles
 c - 4 bread rations {@e1}
 g - 2 slices of pizza
 i - a beef jerky
 j - a royal jelly


   Skills:
 * Level 2.7 Short Blades
 - Level 1.5 Dodging
 - Level 2.4 Stealth
 + Level 3.1 Spellcasting
   Level 1.0 Conjurations
 * Level 0.2 Summonings
 * Level 3.6 Ice Magic


You had 2 spell levels left.
You knew the following spells:

 Your Spells              Type           Power        Failure   Level  Hunger
a - Freeze                Ice            ##..         6%          1    None
b - Summon Ice Beast      Ice/Summ       #.......     85%         4    ####...
A - Ozocubu's Armour      Chrm/Ice       #.......     28%         3    ###....


Dungeon Overview and Level Annotations

Branches:
Dungeon (3/15)

Altars:
Cheibriados
Dithmenos
Xom


Innate Abilities, Weirdness & Mutations

You have extremely sharp teeth.
Your natural rate of healing is unusually fast.
When hurt, damage is shared between your health and your magic reserves.
Your bite disrupts and absorbs the magic of your enemies.
Potions and wands cannot restore your health.
You are immune to rotting.


Message History

Health restored: 21; MP restored: 9 The kobold closely misses you.
You hit the kobold but do no damage. Your bite misses the kobold.
The kobold closely misses you.
You hit the kobold.
You kill the kobold!
No target in view!
No target in view!
Things that are here:
a whip; a kobold corpse
Found a stone staircase leading down.
Read which item? (? for menu, Esc to quit)
Okay, then.
c - 4 bread rations {@e1} (gained 1)
You open the door.
There is an open door here.
You now have 118 gold pieces (gained 6).
You open the door.
There is an open door here.
A quokka comes into view.
A quokka is nearby!
The quokka bites you.
You take 1 damage, and have 20/21 hp.
You hit the quokka. Your bite misses the quokka. The quokka barely misses you.
The quokka bites you but does no damage.
You barely miss the quokka. The quokka closely misses you.
You closely miss the quokka. Your bite misses the quokka.
The quokka closely misses you. The quokka barely misses you.
Health restored: 21 You barely miss the quokka.
Your bite misses the quokka.
The quokka bites you but does no damage.
You hit the quokka.
You kill the quokka!
No target in view!
This spell is very dangerous to cast!
Memorise Summon Ice Beast, consuming 4 spell levels and leaving 1?
You start memorising the spell.
You continue memorising. x4
You finish memorising.
Spell assigned to 'b'.
You now have 124 gold pieces (gained 6).
You see here a quokka corpse.
Found a stone staircase leading down.
There is a stone staircase leading down here.
w - a scroll of fear You now have 133 gold pieces (gained 9).
You see here a robe.
All of the chunks of flesh in your inventory have rotted away.
You are feeling hungry.
There is an open door here.
Found a snail-covered altar of Cheibriados.
A kobold comes into view.
No target in view!
No target in view!
The kobold shouts!
The kobold closely misses you.
You hit the kobold.
You kill the kobold!
You have reached level 5!
Health restored: 24; MP restored: 10
There is a snail-covered altar of Cheibriados here.
Eat which item? (? for menu, Esc to quit)
That beef jerky was jerk-a-riffic!
Things that are here:
4 stones; a kobold corpse
Found a stone staircase leading up.
An orc comes into view. It is wielding a flail of protection.
An orc wizard comes into view.
It is wielding a dagger of electrocution.
The orc shouts!
An orc comes into view. It is wielding a flail.
You closely miss the orc.
The orc wizard shouts!
Your bite misses the orc.
The orc hits you with a flail of protection!
You take 7 damage, and have 17/24 hp.
MASSIVE DAMAGE!!
You now have 8/10 mp.
Aim: an orc, wielding a flail of protection and wearing a leather armour You freeze the orc.
The orc hits you with a flail of protection.
You take 4 damage, and have 13/24 hp.
You now have 5/10 mp.
Aim: an orc, wielding a flail of protection and wearing a leather armour (moderately wounded)
You miscast Freeze.
You are very lightly contaminated with residual magic.
Nothing appears to happen.
The orc hits you with a flail of protection.
You take 4 damage, and have 9/24 hp.
You now have 3/10 mp.
Aim: an orc, wielding a flail of protection and wearing a leather armour (moderately wounded)
You freeze the orc.
You kill the orc!
You now have 2/10 mp.
Aim: an orc wizard, wielding a dagger of electrocution and wearing a robe You freeze the orc wizard.
You now have 1/10 mp.
You barely miss the orc wizard. Your bite misses the orc wizard.
The orc wizard points at you and mumbles some strange words.
The magic dart hits you!
* * * LOW HITPOINT WARNING * * *
The orc wizard hits you but does no damage.
You are electrocuted!
Ouch! That really hurt!
You die...

######## #......#
#.####.# #### #.####.#
#....#####...##.########
#....oo@................
#..#.#####...##.#######.
.. #.....#.# #. #.
##...##.# #. # #....<.#
##. ##.##### #.. #.# #.#
#'# #.. ### .. ##.


You could see an orc wizard and an orc.

Vanquished Creatures
  3 adders
  2 oozes (D:1)
  2 worms
  4 dart slugs
  A giant gecko (D:3)
  4 orcs (D:3)
  7 bats
  5 giant cockroaches
  3 goblins
  3 hobgoblins
  8 jackals (D:3)
  9 kobolds
  4 quokkas
  3 rats
58 creatures vanquished.

Notes
Turn   | Place    | Note
--------------------------------------------------------------
     0 | D:1      | Chemotherapy the Vine Stalker Ice Elementalist began the quest for the Orb.
     0 | D:1      | Reached XP level 1. HP: 9/9 MP: 4/4
   104 | D:1      | Reached XP level 2. HP: 13/13 MP: 6/6
   194 | D:1      | Reached skill level 1 in Short Blades
   278 | D:1      | HP: 3/13 [ooze (1)]
   567 | D:1      | Reached XP level 3. HP: 15/16 MP: 7/7
   897 | D:2      | Learned a level 3 spell: Ozocubu's Armour
  1010 | D:2      | Found a shimmering altar of Xom.
  1104 | D:2      | HP: 4/16 [goblin/stone (4)]
  1193 | D:2      | Reached skill level 2 in Short Blades
  1361 | D:2      | HP: 4/16 [adder (1)]
  1363 | D:2      | Reached XP level 4. HP: 3/21 MP: 1/9
  1368 | D:2      | HP: 3/21 [poisoned by an adder]
  1376 | D:2      | HP: 3/21 [poisoned by an adder]
  1633 | D:3      | Found a shadowy altar of Dithmenos.
  1659 | D:3      | Reached skill level 3 in Spellcasting
  2079 | D:3      | Learned a level 4 spell: Summon Ice Beast
  2219 | D:3      | Found a snail-covered altar of Cheibriados.
  2228 | D:3      | Reached XP level 5. HP: 24/24 MP: 10/10
  2295 | D:3      | HP: 4/24 [orc wizard/magic dart (6)]
  2295 | D:3      | Mangled by an orc wizard

Skill      XL: |  1  2  3  4 |
---------------+-------------+-----
Short Blades   | 1 2 |  2.7
Spellcasting   | 3 |  3.1
Dodging        | |  1.5
Stealth        | |  2.4
Conjurations   | |  1.0
Summonings     | |  0.2
Ice Magic      | |  3.6

Action                   |  1- 3 |  4- 6 || total
-------------------------+-------+-------++-------
Melee: Dagger            |    43 |       ||    43
       Bite              |    22 |    13 ||    35
       Hand axe          |    72 |    77 ||   149
 Cast: Freeze            |    19 |    29 ||    48
  Use: Scroll            |     6 |       ||     6
 Stab: Sleeping          |     3 |     1 ||     4
  Eat: Chunk             |     1 |     3 ||     4
       Beef jerky        |       |     1 ||     1
Armor: Robe              |    39 |    40 ||    79
Dodge: Dodged            |    90 |   102 ||   192

Vault maps used:
D:1:      tarquinn_simple_flora_water_c
D:2:      marbit_many_paths, first_bread
D:3:      nicolae_overflow_crystal_walls,
          nicolae_dithmenos_through_a_glass_darkly

Table legend:
 A = Turns spent in this place as a percentage of turns spent in the entire game.
 B = Non-inter-level travel turns spent in this place as a percentage of non-inter-level travel turns spent in the entire game.
 C = Inter-level travel turns spent in this place as a percentage of turns spent in this place.
 D = Turns resting spent in this place as a percentage of non-inter-level travel turns spent in this place.
 E = Turns spent auto-exploring this place as a percentage of non-inter-level travel turns spent in this place.
 F = Non-inter-level travel turns spent in this place divided by the number of levels of this place that you've seen.
                   A       B       C       D       E      F
               +-------+-------+-------+-------+-------+----------------------
         Total | 100.0 | 100.0 |   0.4 |   2.1 |   8.7 | 257.3
       Dungeon | 100.0 | 100.0 |   0.4 |   2.1 |   8.7 | 257.3
               +-------+-------+-------+-------+-------+----------------------

Table legend:
 A = Kills in this place as a percentage of kills in entire the game.
 B = Kills by you in this place as a percentage of kills by you in the entire game.
 C = Kills by friends in this place as a percentage of kills by friends in the entire game.
 D = Other kills in this place as a percentage of other kills in the entire game.
 E = Experience gained in this place as a percentage of experience gained in the entire game.
 F = Experience gained in this place divided by the number of levels of this place that you have seen.
                   A       B       C       D       E      F
               +-------+-------+-------+-------+-------+----------------------
         Total | 100.0 | 100.0 |  -nan |  -nan | 100.0 |  56.0
       Dungeon | 100.0 | 100.0 |  -nan |  -nan | 100.0 |  56.0
               +-------+-------+-------+-------+-------+----------------------
